Unix NetHack Version 5.0.0-0 post-release - last build Jul 19 2026 19:10:59 (3aa4ab31751d3886436d94b585a96704892fd477,branch:main).

Game began 2026-07-22 07:27:30, ended 2026-07-22 13:37:28.

Booker, lawful male human Knight

                                       ---------------
                                       |.............|
                                       |.............|
                                       |.........C...|
                                       |........@u...|
                                       ---------+---|-
                                                # ###
                                                ###
                                               ###
         ------                                  #
         |...<|                                  #
         |....|                                  ###
         |....|                                    #
         |....|                                 ---|-     --.--
         |.....####-------------                |...-# #  |%..|##
         |....|   #-.`.........|                |...|####%....-##
         ------    |...........|##              |.>..###  |...|#
                   |*..........-################-----     -----#
                   -------------               #################

Booker the Esquire       St:15 Dx:9 Co:16 In:9 Wi:15 Ch:17  Lawful S:1559
Dlvl:7  $:139 HP:0(40) Pw:39(39) AC:2  Xp:5/275 T:3841  Burdened

Latest messages:
 This door is locked.
 You resume your attempt at picking the lock.
 You stop picking the lock.
 The plains centaur hits!
 The plains centaur kicks!
 The plains centaur hits!
 The plains centaur kicks!
 This door is locked.
 You resume your attempt at picking the lock.
 You stop picking the lock.
 The plains centaur hits!
 The plains centaur kicks!
 The plains centaur hits!
 The plains centaur kicks!
 This door is locked.
 You resume your attempt at picking the lock.
 You succeed in picking the lock.
 The plains centaur misses!
 The plains centaur kicks!
 The door resists!
 What do you want to drink? [xDFG or ?*]
 Never mind.
 #
 #
 You begin praying to Lugh.
 You are surrounded by a shimmering light.
 The plains centaur starts to attack you, but pulls back.
 The plains centaur starts to attack you, but pulls back.
 The plains centaur starts to attack you, but pulls back.
 The plains centaur starts to attack you, but pulls back.
 The plains centaur starts to attack you, but pulls back.
 The plains centaur starts to attack you, but pulls back.
 You finish your prayer.
 You feel that Lugh is well-pleased.
 You feel much better.
 You miss the plains centaur.
 The plains centaur hits!
 The plains centaur kicks!
 The plains centaur hits!
 The plains centaur misses!
 You miss the plains centaur.
 The plains centaur misses!
 The plains centaur kicks!
 The plains centaur hits!
 The plains centaur kicks!
 You hit the plains centaur!
 The plains centaur hits!
 The plains centaur kicks!
 The plains centaur hits!
 You die...

Inventory:
 Coins    ('$')
  $ - 139 gold pieces
 Weapons  (')')
  a - the blessed rustproof +1 Excalibur (weapon in right hand)
  b - an uncursed +1 lance (alternate weapon; not wielded)
 Armor    ('[')
  d - an uncursed +0 helmet (being worn)
  f - an uncursed +0 pair of leather gloves (being worn)
  e - an uncursed +0 small shield (being worn)
  p - an uncursed +0 cloak of displacement (being worn)
  k - an uncursed +0 cloak of invisibility
  c - an uncursed +1 ring mail (being worn)
 Comestibles  ('%')
  g - 5 uncursed apples
  n - an uncursed candy bar labeled "Berry Bar"
  h - 11 uncursed carrots
  w - an uncursed food ration
  o - an uncursed tripe ration
 Scrolls  ('?')
  t - an uncursed scroll of amnesia
  v - an uncursed scroll of earth
  y - an uncursed scroll of enchant weapon
  A - an uncursed scroll of enchant weapon
  s - an uncursed scroll of genocide
  r - a blessed scroll of identify
  q - an uncursed scroll of identify
  z - an uncursed scroll of identify
  N - an uncursed scroll of magic mapping
  u - an uncursed scroll of taming
  i - 2 uncursed scrolls of teleportation
  B - a cursed scroll of teleportation
 Potions  ('!')
  x - 2 uncursed potions of monster detection
  D - a blessed potion of object detection
  G - a cursed potion of object detection
  F - an uncursed potion of see invisible
 Tools    ('(')
  l - an uncursed lock pick
  j - an uncursed magic marker (0:56)
  M - an uncursed +0 pick-axe
 Gems/Stones  ('*')
  m - an uncursed worthless piece of black glass

Booker the Knight's attributes:

Background:
 You were an Esquire, a level 5 male human Knight.
 You were lawful, on a mission for Lugh
 who was opposed by Brigit (neutral) and Manannan Mac Lir (chaotic).
 You were right-handed.
 You were in the Dungeons of Doom, on level 7.
 You entered the dungeon 3841 turns ago.
 You had 275 experience points, 45 more were needed to attain level 6.
 Your score was 1559 before end-of-game adjustments.

Basics:
 You had 0 out of 40 hit points.
 You had all 39 energy points (spell power).
 Your armor class was 2.
 Your wallet contained 139 zorkmids.
 Autopickup was on for '$%?!"=/' plus thrown, with exceptions.

Final Characteristics:
 Your strength was 15 (limit:18/100).
 Your dexterity was 9 (limit:18).
 Your constitution was 16 (limit:18).
 Your intelligence was 9 (limit:18).
 Your wisdom was 15 (limit:18).
 Your charisma was 17 (limit:18).

Final Status:
 You weren't hungry.
 You were burdened; movement was slightly slowed.
 You were wielding a long sword.
 You had basic skill with long sword.

Final Attributes:
 You were piously aligned.
 You were level-drain resistant.
 You had automatic searching.
 You were displaced.
 You could jump.
 You were warded.
 Your spell casting was impaired by metallic armor.
 You are dead.

Miscellaneous:
 You disabled loading and storing of bones levels.
 Total elapsed playing time was 45 minutes and 6 seconds.

Major events:
 Turn
    1: Booker the lawful male human Knight entered the dungeon
 1263: read a Discworld novel
 1263: attained the rank of Esquire (level 3)
 2556: was given Excalibur by the Lady of the Lake
 3841: killed by a plains centaur

Spells:
 Name                 Level Category     Fail Retention
 healing                1   healing      100%    (gone)
 magic missile          2   attack       100%  76%-100%

Skills:
 Fighting Skills
   bare handed combat [Unskilled]
   two weapon combat  [Unskilled]
   riding             [Basic]
 Weapon Skills
   dagger             [Unskilled]
   knife              [Unskilled]
   axe                [Unskilled]
   pick-axe           [Unskilled]
   short sword        [Unskilled]
   broadsword         [Unskilled]
   long sword         [Basic]
   two-handed sword   [Unskilled]
   saber              [Unskilled]
   club               [Unskilled]
   mace               [Unskilled]
   morning star       [Unskilled]
   flail              [Unskilled]
   hammer             [Unskilled]
   polearms           [Unskilled]
   spear              [Unskilled]
   trident            [Unskilled]
   lance              [Basic]
   bow                [Unskilled]
   crossbow           [Unskilled]
 Spellcasting Skills
   attack spells      [Unskilled]
   healing spells     [Unskilled]
   clerical spells    [Unskilled]

Voluntary challenges:
 Character rerolling was not enabled.
 You never genocided any monsters.
 You never polymorphed an object.
 You never changed form.
 You used no wishes.
Achievements:
 You entered a shop.
 You read from a Discworld novel.
 You attained the rank of Esquire.

 The Dungeons of Doom: levels 1 to 7
    Level 1:
    Level 2:
       A general store.
    Level 3:
       A scroll shop, a fountain.
    Level 4:
       A general store.
    Level 5:
    Level 6:
    Level 7: <- You were here.
       Final resting place for
          you, killed by a plains centaur.


Vanquished creatures:
  a small mimic
 an imp
  a mountain nymph
  2 ponies
  a violet fungus
  a kobold mummy
  2 dwarves
  a kobold shaman
  2 rothes
  a wererat
  a werejackal
  3 acid blobs
  a hobbit
  a cave spider
  2 red molds
  2 gnomes
  2 geckos
  6 jackals
  a fox
  2 kobolds
  2 sewer rats
  2 grid bugs
  3 lichens
  a kobold zombie
  7 newts
49 creatures vanquished.

No species were genocided or became extinct.

Game over:
                       ----------
                      /          \
                     /    REST    \
                    /      IN      \
                   /     PEACE      \
                  /                  \
                  |      Booker      |
                  |      139 Au      |
                  |   killed by a    |
                  |  plains centaur  |
                  |                  |
                  |                  |
                  |       2026       |
                 *|     *  *  *      | *
        _________)/\\_//(\/(/\)/\//\/|_)_______

Fare thee well Booker the Knight...

You died in The Dungeons of Doom on dungeon level 7 with 1546 points,
and 139 pieces of gold, after 3841 moves.
You were level 5 with a maximum of 40 hit points when you died.

